 Dungeon Crawl Stone Soup version 0.28.0 (webtiles) character file.

Game seed: 13067862386528351365

22 fragbeetle the Twirler (level 2, 0/22 HPs)
             Began as a Demonspawn Gladiator on Feb 12, 2022.
             Succumbed to an adder's poison
             ... on level 2 of the Dungeon.
             The game lasted 00:01:45 (1189 turns).

fragbeetle the Twirler (Demonspawn Gladiator)       Turns: 1189, Time: 00:01:45

Health: 0/22       AC:  4    Str: 14    XL:     2   Next: 68%
Magic:  2/2        EV: 12    Int:  9    God:
Gold:   28         SH:  0    Dex: 14    Spells: 1/1 levels left

rFire   . . .      SeeInvis .   a - +0 quarterstaff
rCold   . . .      Faith    .   (shield currently unavailable)
rNeg    . . .      Spirit   .   b - +0 leather armour
rPois   .          Reflect  .   c - +0 helmet
rElec   .          Harm     .   (no cloak)
rCorr   .          Rampage  .   (no gloves)
Will    .....                   (no boots)
Stlth   +.........              (no amulet)
HPRegen 0.07/turn               (no ring)
MPRegen 0.16/turn               (no ring)

@: lethally poisoned (0 -> -8)
A: magic regeneration
a: no special abilities


You were on level 2 of the Dungeon.
You visited 1 branch of the dungeon, and saw 2 of its levels.

You collected 28 gold pieces.

Inventory:

Hand Weapons
 a - a +0 quarterstaff (weapon)
Missiles
 d - 3 throwing nets (quivered)
Armour
 b - a +0 leather armour (worn)
 c - a +0 helmet (worn)
Jewellery
 e - a ring of magical power
 f - a +6 ring of intelligence
Potions
 g - a potion of magic {unknown}


   Skills:
 - Level 2.0 Fighting
 * Level 3.6 Staves
 - Level 1.7 Throwing
 - Level 2.6 Dodging


You had one spell level left.
You didn't know any spells.
Your spell library was empty.

Dungeon Overview and Level Annotations

Branches:
Dungeon (2/15)

Altars:


Innate Abilities, Weirdness & Mutations

You regenerate magic rapidly.


Message History

The bat barely misses you. The adder skeleton bites you.
The bat hits you but does no damage. The adder skeleton barely misses you.
You barely miss the adder skeleton.
The adder skeleton is severely damaged.
The bat barely misses you. The adder bites you but does no damage.
The adder skeleton closely misses you.
You thump the adder skeleton!
You destroy the adder skeleton!
The bat barely misses you. The adder bites you but does no damage.
The adder bites you.
You miss the adder. The bat closely misses you. The adder bites you.
You are poisoned.
The adder poisons you!
You sock the adder!
The adder is almost dead.
You feel sick. The bat hits you but does no damage. The adder bites you.
You are more poisoned.
The adder poisons you! The adder bites you.
You are lethally poisoned!
The adder poisons you!
You miss the adder.
The adder is almost dead.
You feel very sick. The bat hits you but does no damage.
The adder barely misses you.
You barely miss the adder.
The adder is almost dead.
* * * LOW HITPOINT WARNING * * *
You feel very sick. The bat closely misses you. The adder barely misses you.
The bat hits you but does no damage. The adder bites you.
* * * LOW HITPOINT WARNING * * *
You hit the adder.
The adder is almost dead.
* * * LOW HITPOINT WARNING * * *
You feel sick. The bat closely misses you.
The adder bites you but does no damage.
Unknown command.
You hit the adder.
You kill the adder!
You die...

#.#. ##.#.####### ######
.....#.....## ##....#
....^.......## ##...<.#.
.............###........
.............#....#...#.
.............#...#...##
......†@b..........#.#
.............#.#####.#
......<...?..#.# #.#
...$...........# ...
...........##..#
..######.###...... # #..
#.##### ##. #. .


You could see a bat.

Vanquished Creatures
  An adder (D:2)
  An adder skeleton (D:2)
  A dart slug (D:1)
  A ball python (D:1)
  An endoplasm (D:1)
  A giant cockroach (D:1)
  3 goblins (D:1)
  A kobold (D:1)
  2 quokkas (D:1)
  2 bats (D:1)
  2 rats
16 creatures vanquished.

Notes
Turn   | Place    | Note
-------+----------+-------------------------------------------
     0 | D:1      | fragbeetle the Demonspawn Gladiator began the quest for the
                  | Orb.
     0 | D:1      | Reached XP level 1. HP: 16/16 MP: 1/1
   183 | D:1      | Reached skill level 3 in Staves
   491 | D:1      | Gained mutation: You regenerate magic rapidly. [demonic
                  | ancestry]
   491 | D:1      | Reached XP level 2. HP: 22/22 MP: 2/2
   790 | D:1      | Found a faded altar of an unknown god.
  1188 | D:2      | HP: 1/22 [poisoned by an adder]
  1189 | D:2      | Succumbed to an adder's poison

Illustrated notes

Levels and vault maps discovered:
D:1:      minmay_arrival_four_houses, layout_basic,
          dilly_ecumenical_altar_fadedgnrine, minmay_tree_intersection
D:2:      layout_rooms, uniq_sigmund, uniq_crazy_yiuf_cottage

Skill      XL: |  1 |
---------------+----+-----
Staves         | 3 |  3.6
Fighting       | |  2.0
Throwing       | |  1.7
Dodging        | |  2.6

Action                   || total
-------------------------++-------
Melee: Quarterstaff      ||    40
 Stab: Sleeping          ||     1
Armor: Leather armour    ||    18
Dodge: Dodged            ||    30
